 Dungeon Crawl Stone Soup version 0.24.0-41-g2ae2f7f1be (webtiles) character file.

Game seed: 2638133341172175497, levelgen mode: deterministic

58 Goreval the Grave Robber (level 4, -3/33 HPs)
             Began as a Hill Orc Necromancer on Dec 10, 2019.
             Slain by an iguana (13 damage)
             ... on level 2 of the Dungeon.
             The game lasted 00:06:25 (1972 turns).

Goreval the Grave Robber (Hill Orc Necromancer)     Turns: 1972, Time: 00:06:26

Health: -3/33      AC:  3    Str: 17    XL:     4   Next: 2%
Magic:  4/7        EV: 11    Int: 16    God:
Gold:   29         SH:  0    Dex: 11    Spells: 2/7 levels left

rFire    . . .     SeeInvis .   g - +0 whip
rCold    . . .     Gourm    .   (no shield)
rNeg     . . .     Faith    .   d - +0 leather armour
rPois    .         Spirit   .   (no helmet)
rElec    .         Reflect  .   (no cloak)
rCorr    .         Harm     .   (no gloves)
MR       .....                  (no boots)
Stlth    +.........             (no amulet)
HPRegen  0.11/turn              o - +3 ring of strength
MPRegen  0.10/turn              e - +4 ring of strength

@: no status effects
A: no striking features
a: no special abilities


You were on level 2 of the Dungeon.
You were not hungry.

You visited 1 branch of the dungeon, and saw 2 of its levels.

You collected 29 gold pieces.

Inventory:

Hand Weapons
 f - a +0 dagger
 g - a +0 whip (weapon)
Missiles
 h - 93 stones (quivered)
Armour
 a - a +0 robe
 d - a +0 leather armour (worn)
 n - a +0 large shield
Jewellery
 b - an uncursed ring of flight
 e - a +4 ring of strength (right hand)
 i - an uncursed ring of positive energy {unknown}
 o - a +3 ring of strength (left hand)
Scrolls
 j - a scroll of amnesia {unknown}
 k - a scroll of fog {unknown}
 l - a scroll of immolation {unknown}
 r - a scroll of remove curse {unknown}
Potions
 m - a potion of agility {unknown}
 q - a potion of mutation {unknown}
 s - a potion of curing {unknown}
Comestibles
 c - 6 rations
 p - a chunk of flesh


   Skills:
 - Level 1.5 Dodging
 - Level 1.5 Stealth
 + Level 2.2 Spellcasting
 * Level 5.0 Necromancy


You had 2 spell levels left.
You knew the following spells:

 Your Spells              Type           Power        Failure   Level  Hunger
a - Pain                  Necr           ###.         3%          1    #......
b - Vampiric Draining     Necr           ###.......   10%         3    ###....
u - Animate Skeleton      Necr           N/A          3%          1    #......

Your spell library contained the following spells:

 Spells                   Type           Power        Failure   Level  Hunger
 Regeneration             Chrm/Necr      #.........   26%         3    ###....
 Animate Dead             Necr           N/A          30%         4    #####..


Dungeon Overview and Level Annotations

Branches:
Dungeon (2/15)

Altars:
Hepliaklqana


Message History

Eating one of 2 chunks of flesh.
You eat one of the 2 chunks of flesh.
s - a yellow potion An iguana comes into view.
An iguana is nearby!
The iguana hisses menacingly.
The iguana bites you!
You barely miss the iguana. The iguana bites you.
You hit the iguana but do no damage. The iguana bites you.
You hit the iguana but do no damage. The iguana closely misses you.
Aim: an iguana (chance to defeat MR: 84%)
The iguana barely resists.
The iguana bites you.
Aim: an iguana (chance to defeat MR: 84%)
The iguana writhes in agony.
The iguana barely misses you.
Unknown command.
Your adder skeleton bites the iguana but does no damage.
Aim: an iguana (moderately wounded, chance to defeat MR: 84%)
The iguana writhes in agony.
Your adder skeleton completely misses the iguana.
The iguana bites you!
You die...

###### .#.....#######
.............#############
.............##..........#
.........@Z...............
.#....<###l##.............
#............>...........
#......####..............
#####. #.............. #.
#.....^.......<
....#####.#####.. .....
####.....#.# #####.
#....###.#.#


You could see an iguana and a friendly adder skeleton.

Vanquished Creatures
  2 adders (D:2)
  A worm (D:1)
  2 dart slugs
  2 leopard geckos
  5 bats (D:1)
  3 giant cockroaches
  4 hobgoblins (D:1)
  7 kobolds
  6 rats
32 creatures vanquished.

Notes
Turn   | Place    | Note
-------+----------+-------------------------------------------
     0 | D:1      | Goreval the Hill Orc Necromancer began the quest for the
                  | Orb.
     0 | D:1      | Reached XP level 1. HP: 14/14 MP: 3/3
   195 | D:1      | Learned a level 1 spell: Animate Skeleton
   252 | D:1      | Reached XP level 2. HP: 10/20 MP: 0/4
  1112 | D:1      | Reached XP level 3. HP: 23/26 MP: 3/6
  1118 | D:1      | Learned a level 3 spell: Vampiric Draining
  1567 | D:2      | Found a hazy altar of Hepliaklqana.
  1851 | D:2      | Reached skill level 5 in Necromancy
  1851 | D:2      | Reached XP level 4. HP: 31/33 MP: 0/7
  1972 | D:2      | Slain by an iguana

Levels and vault maps discovered:
D:1:      kennysheep_arrival_seaside, layout_basic
D:2:      lemuel_upstairs_altar, layout_rooms,
          nemelex_xobeh_ov_fountains_minmay, nicolae_overflow_crystal_walls,
          lemuel_blue_sif_altar, serial_undead, serial_undead_e,
          serial_undead_e, serial_undead_d, serial_undead_c, serial_undead_f,
          serial_undead_f, first_ration, nicolae_ru_the_path_less_chosen

Skill      XL: |  1  2  3 |
---------------+----------+-----
Spellcasting   | 2 |  2.2
Necromancy     | 5 |  5.0
Dodging        | |  1.5
Stealth        | |  1.5

Action                   |  1- 3 |  4- 6 || total
-------------------------+-------+-------++-------
Melee: Whip              |    24 |     3 ||    27
       Unarmed           |     2 |       ||     2
 Cast: Pain              |    56 |     4 ||    60
       Animate Skeleton  |     5 |     1 ||     6
       Vampiric Draining |     2 |       ||     2
  Eat: Chunk             |     4 |     1 ||     5
Armor: Leather armour    |    12 |       ||    12
Dodge: Dodged            |    28 |     2 ||    30
